 Dungeon Crawl Stone Soup version 0.31-a0-977-gc230f8ef24 (webtiles) character file.

Game seed: 9155703541312216779

71799 Shayle the Fighter (level 15, -1/97 HPs)
             Began as a Tengu Hexslinger on Oct 30, 2023.
             Was a Priest of Ashenzari.
             Killed from afar by Jorgrun (40 damage)
             ... with an iron shot
             ... on level 14 of the Dungeon.
             The game lasted 01:47:36 (28021 turns).

Shayle the Fighter (Tengu Hexslinger)              Turns: 28021, Time: 01:47:37

Health: -1/97      AC: 14    Str: 10    XL:     15   Next: 37%
Magic:  20/26      EV: 17    Int: 18    God:    Ashenzari [***...]
Gold:   2173       SH: 12    Dex: 18    Spells: 2/28 levels left

rFire   + .          .
                       - Unarmed
rCold   + . .        s - +1 kite shield {reflect}
rNeg    . . .        L - +0 leather armour {rPois}
rPois   +            (helmet restricted)
rElec   .            v - +2 cloak "Disgust of Ashenzari" {Elem, Self} (curse)
rCorr   .            y - +1 pair of gloves of Cremastomancy {Fort, Bglg} (curse)
SInv    +            (boots unavailable)
Will    +....        K - amulet of Ouranomancy {RegenMP, Dev, Elem} (curse)
Stlth   +            h - ring of Apeoromancy {AC+4, Cun, Melee} (curse)
HPRegen 0.36/turn    D - ring "Ensconced Mistrust" {rC+, Comp, Fort} (curse)
MPRegen 0.60/turn

%: reflection, acrobat, clarity
@: grasped by roots, flying, constricted, studying Axes
A: beak, talons 3, evasive flight, acrobatic, fire resistance 1, wild magic 1,
MP-powered wands
a: Renounce Religion, Curse Item, Shatter the Chains


You were on level 14 of the Dungeon.
You worshipped Ashenzari.
Ashenzari was most pleased with you.
You visited 6 branches of the dungeon, and saw 24 of its levels.
You also visited: Ossuary.

You collected 2313 gold pieces.
You spent 140 gold pieces at shops.

Inventory:

Hand Weapons
 a - a +1 sling
 w - a +2 war axe of electrocution
 E - a +2 whip of draining
 F - a +3 short sword
Missiles
 z - a throwing net
 O - 5 curare-tipped darts
Armour
 p - the +1 leather armour of the Buccaneer {Rampage +Blink rElec}
   (You took it off a kobold on level 10 of the Dungeon)

   rElec:     It insulates you from electricity.
   +Blink:    It lets you blink.
   Rampage:   It bestows one free step when moving towards enemies.
 s - a +1 kite shield of reflection (worn)
 v - the cursed +2 cloak "Disgust of Ashenzari" (worn) {Elem, Self}
   (You found it on level 4 of the Dungeon)

   It has a curse which improves the following skills: Elements: Fire Magic, Ice
   Magic, Air Magic and Earth Magic.
   Introspection: Fighting and Spellcasting.
 y - the cursed +1 pair of gloves of Cremastomancy (worn) {Fort, Bglg}
   (You found it on level 3 of the Dungeon)

   It has a curse which improves the following skills: Fortitude: Armour and
   Shields.
   Beguiling: Conjurations, Hexes and Translocations.
 L - a +0 leather armour of poison resistance (worn)
 R - +1 acid dragon scales
 T - +1 steam dragon scales
Jewellery
 h - the cursed ring of Apeoromancy (left hand) {AC+4, Cun, Melee}
   (You found it on level 1 of the Dungeon)

   [ring of protection]

   AC+4:      It affects your AC (+4).
   It has a curse which improves the following skills: Cunning: Dodging and
   Stealth.
   Melee Combat: Short Blades, Long Blades, Axes, Maces & Flails, Polearms,
   Staves and Unarmed Combat.
 r - a +6 ring of intelligence
 x - a +5 ring of evasion
 D - the cursed ring "Ensconced Mistrust" (right hand) {rC+, Comp, Fort}
   (You found it on level 4 of the Lair of Beasts)

   [ring of protection from cold]

   rC+:       It protects you from cold.
   It has a curse which improves the following skills: Companions: Summonings
   and Necromancy.
   Fortitude: Armour and Shields.
 K - the cursed amulet of Ouranomancy (around neck) {RegenMP, Dev, Elem}
   (You found it on level 8 of the Dungeon)

   [amulet of magic regeneration]

   RegenMP:   It increases your rate of magic regeneration.
   It has a curse which improves the following skills: Devices: Evocations and
   Shapeshifting.
   Elements:  Fire Magic, Ice Magic, Air Magic and Earth Magic.
 M - a +4 ring of protection
Talismans
 j - a serpent talisman
Wands
 m - a wand of polymorph (2)
 H - a wand of charming (19)
 P - a wand of flame (40)
 Q - a wand of digging (3)
Scrolls
 b - 6 scrolls of poison
 f - 3 scrolls of amnesia
 l - 3 scrolls of fog
 n - 3 scrolls of noise
 B - 3 scrolls of revelation
 C - 3 scrolls of immolation
 N - 2 scrolls of vulnerability
Potions
 c - a potion of brilliance
 d - 4 potions of curing
 e - 3 potions of resistance
 g - 2 potions of magic
 i - 4 potions of enlightenment
 k - 3 potions of haste
 q - 2 potions of lignification
 t - a potion of berserk rage
 u - 3 potions of cancellation
 A - 2 potions of ambrosia
 J - 2 potions of mutation
 U - 2 potions of attraction
Miscellaneous
 o - a condenser vane


   Skills:
 + Level 11.4(12.9) Fighting
 - Level 2.1 Ranged Weapons
 - Level 8.0(10.3) Armour
 - Level 9.0(10.5) Dodging
 + Level 5.4(7.6) Shields
 - Level 10.5(12.0) Unarmed Combat
 - Level 5.6(7.1) Spellcasting
 - Level 9.5(11.0) Conjurations
 - Level 2.1(3.3) Hexes
 - Level 8.0(9.6) Summonings
 + Level 6.0(7.5) Necromancy
 - Level 8.8(11.0) Fire Magic
 - Level 6.1(8.4) Ice Magic
 - Level 7.8(10.1) Air Magic
 + Level 6.8(8.4) Shapeshifting


You had 2 spell levels left.
You knew the following spells:

 Your Spells              Type           Power      Damage    Failure   Level
a - Jinxbite              Hex            48%        N/A       26%         2
b - Frozen Ramparts       Ice            94%        1d15      7%          3
c - Summon Ice Beast      Ice/Summ       50%        N/A       17%         4
d - Fireball              Conj/Fire      28%        3d12      21%         5
e - Blink                 Tloc           18%        N/A       63%         2
f - Passwall              Tmut/Erth      7%         N/A       63%         2
g - Iskenderun's Mystic   Conj/Tloc      34%        2d8       52%         4
h - Sticky Flame          Conj/Fire      56%        2d7       8%          4

Your spell library contained the following spells:

 Spells                   Type           Power      Damage    Failure   Level
 Magic Dart               Conj           100%       1d8       1%          1
 Searing Ray              Conj           100%       2d8       1%          2
 Freeze                   Ice            100%       1d10      3%          1
 Ensorcelled Hibernation  Hex/Ice        70%        N/A       10%         2
 Momentum Strike          Conj/Tloc      68%        3d9       11%         2
 Apportation              Tloc           18%        N/A       50%         1
 Lesser Beckoning         Tloc           18%        N/A       63%         2
 Hailstorm                Conj/Ice       52%        3d12      4%          3
 Swiftness                Air            54%        N/A       4%          3
 Flame Wave               Conj/Fire      56%        2d13      8%          4
 Inner Flame              Hex/Fire       42%        N/A       11%         3
 Animate Dead             Necr           43%        N/A       30%         4
 Fulminant Prism          Conj/Hex       21%        3d12      32%         4
 Sigil of Binding         Hex            24%        N/A       43%         3
 Cause Fear               Hex            12%        N/A       82%         4
 Dimensional Bullseye     Hex/Tloc       8%         N/A       95%         4
 Simulacrum               Ice/Necr       22%        N/A       97%         6
 Alistair's Intoxication  Tmut/Pois      5%         N/A       100%        5
 Haunt                    Necr/Summ      24%        N/A       100%        7
 Infestation              Necr           21%        N/A       100%        8
 Dragon's Call            Summ           26%        N/A       100%        9


Dungeon Overview and Level Annotations

Branches:
Dungeon (14/15)            Temple (1/1) D:4            Lair (5/5) D:10
 Shoals (1/4) Lair:2       Spider (1/4) Lair:2        Slime (0/5) Lair:4
    Orc (2/2) D:12            Elf (0/3) Orc:2        Vaults (0/5) D:13
Ossuary (visited)

Altars:
Ashenzari
Cheibriados
Dithmenos
Elyvilon
Fedhas
Gozag
Hepliaklqana
Kikubaaqudgha
Makhleb
Nemelex Xobeh
Okawaru
Qazlal
Ru
Sif Muna
Trog
Uskayaw
Vehumet
Wu Jian
Xom
Yredelemnul
Zin
The Shining One
Jiyva

Shops:
D:8 :   Orc:2 ((([

Annotations:
D:7 1 runed translucent door, Crazy Yiuf
D:14 Jorgrun
Lair:4 2 transporters, Rupert
Orc:2 2 runed translucent doors, exclusion: orange crystal statue


Innate Abilities, Weirdness & Mutations

You have a beak for a mouth.
You have claws for feet.
Your magical flight helps you evade attacks. (EV +4)
You can magically evade attacks while moving or waiting.
Your flesh is heat resistant. (rF+)
Your spells are a little harder to cast, but a little more powerful.
You expend magic power (3 MP) to strengthen your wands.


Message History

You barely miss Jorgrun. Your kick misses Jorgrun.
Jorgrun is moderately wounded.
Jorgrun burns!
Jorgrun hits you with a +0 heavy quarterstaff.
Your ice beast closely misses Jorgrun.
You hit Jorgrun. Your kick misses Jorgrun.
Jorgrun is heavily wounded.
Jorgrun burns!
Jorgrun stops burning.
Your ice beast hits Jorgrun.
Your ice beast freezes Jorgrun!
Jorgrun casts a spell at you.
Roots burst forth from the earth!
The grasping roots grab you! The grasping roots constrict you.
You closely miss Jorgrun. Your kick misses Jorgrun.
Jorgrun is severely wounded.
Your ice beast hits Jorgrun.
Your ice beast freezes Jorgrun!
You block Jorgrun's attack. The grasping roots constrict you!!
Casting: Sticky Flame (dangerous; 8% risk of failure)
Confirm with . or Enter, or press ? or * to list all spells.
Aiming: Sticky Flame (dangerous; 8% risk of failure)
Press: ? - help, Shift-Dir - straight line, f/p - Jorgrun
Aim: Jorgrun, wielding a +0 heavy quarterstaff and wearing a +2 robe (severely wounded, ally target)
The sticky flame hits Jorgrun.
Jorgrun is severely wounded.
Jorgrun is covered in liquid flames!
Jorgrun burns!
Your ice beast closely misses Jorgrun.
You closely miss Jorgrun. You claw Jorgrun.
Jorgrun is almost dead.
Jorgrun burns!
Jorgrun gestures at you while chanting. The iron shot hits you!!!
* * * LOW HITPOINT WARNING * * *
The grasping roots constrict you!
* * * LOW HITPOINT WARNING * * *
Your ice beast closely misses Jorgrun.
Unknown command.
You feel much better.
Jorgrun burns!
Jorgrun points at you and mumbles some strange words.
The iron shot hits you!!!
You die...

#.##.#[#
####....#.# .
...######.#
..
##[#.......#
...
..#.#######
.... #.#.#
.....##.#.##
..#.........#
.......g@..##
#.......Y..#
#.######.###
#.# ..# ####


You could see Jorgrun (burning, ally target) and a friendly ice beast
(summoned).

Vanquished Creatures
  An orc warlord (Orc:1)
  A dire elephant (Lair:5)
  An entropy weaver (Spider:1)
  4 vault guards (D:12)
  2 hydras
  6 two-headed ogres
  2 boulder beetles
  A jorogumo (Spider:1)
  A centaur warrior (D:13)
  7 death yaks
  An orc high priest (Orc:2)
  A demonic crawler (Spider:1)
  2 skysharks
  2 orc knights (Orc:2)
  3 harpies (Lair:2)
  A lindwurm (Lair:5)
  A necromancer (Lair:5)
  An orc sorcerer (Orc:1)
  A wolf spider (Spider:1)
  2 manticores
  A cyclops (D:13)
  20 elephants
  2 ugly things
  2 black mambas
  Joseph (D:7)
  2 torpor snails
  6 cane toads
  2 rime drakes
  2 gargoyles
  An unseen horror (D:12)
  3 kobold demonologists
  3 komodo dragons
  A meliai (Lair:2)
  4 trolls
  A polar bear (Lair:4)
  3 tarantellas (Spider:1)
  Prince Ribbit (D:7)
  6 blink frogs
  3 culicivoras (Spider:1)
  A vampire (D:11)
  A wraith (D:12)
  8 wyverns
  69 yaks
  4 shadows
  6 basilisks
  3 redbacks (Spider:1)
  A steam dragon (D:10)
  2 wargs (Orc:2)
  6 vampire mosquitoes
  14 water moccasins
  Duvessa (D:7)
  A swamp drake (Lair:4)
  5 ice beasts
  25 orc warriors
  4 black bears
  8 ogres
  11 wolves
  4 centaurs
  A phantom (D:5)
  2 kobold brigands
  11 bullfrogs
  3 scorpions
  A gnoll sergeant (D:6)
  2 wights (D:7)
  Dowan (D:7)
  22 killer bees
  A howler monkey (D:3)
  A jelly (D:5)
  A gnoll bouda (D:7)
  12 orc priests
  2 bullfrog skeletons (D:7)
  4 hounds
  Terence (D:2)
  An iguana (D:5)
  22 orc wizards
  A sleepcap (D:4)
  3 scorpion zombies (D:7)
  4 nameless horrors
  A killer bee zombie (D:7)
  6 mummies (Ossuary)
  15 gnolls
  A howler monkey skeleton (D:7)
  10 adders
  A shadow imp (D:7)
  2 white imps (D:7)
  4 ufetubi
  2 worms (D:4)
  68 orcs
  4 ball pythons
  4 bats
  10 endoplasms
  2 giant cockroaches
  2 gnoll zombies (Ossuary)
  5 goblins
  9 hobgoblins
  4 jackals (D:1)
  20 kobolds
  2 quokkas
  3 frilled lizards (D:1)
  A hobgoblin zombie (Ossuary)
  3 kobold zombies (Ossuary)
  An orc zombie (Ossuary)
  6 rats
561 creatures vanquished.

Vanquished Creatures (collateral kills)
  A hydra (D:13)
  A centaur warrior (D:13)
  A deep elf pyromancer (D:13)
  A wolf spider (Spider:1)
  A manticore (D:12)
  An oklob plant (Lair:4)
  2 elephants (Lair:4)
  A torpor snail (Spider:1)
  2 blink frogs (Lair:5)
  A hornet (shapeshifter) (D:13)
  A tarantella (Spider:1)
  A jumping spider (Spider:1)
  2 culicivoras
  A wyvern (Lair:3)
  3 yaks
  A steam dragon (Lair:4)
  A vampire mosquito (D:13)
  2 acid dragons
  A water moccasin (Lair:4)
  An orc warrior (Orc:2)
  A swamp drake (Lair:4)
  An ogre (Orc:1)
  A wight (D:7)
  A killer bee (D:11)
  An orc wizard (Orc:2)
  A mummy (Ossuary)
  An orc (Orc:2)
  A kobold zombie (Ossuary)
34 creatures vanquished.

Vanquished Creatures (others)
  An orc warrior (Orc:2)
  A killer bee (D:10)
  A mummy (Ossuary)
3 creatures vanquished.

Grand Total: 598 creatures vanquished

Notes
Turn   | Place    | Note
-------+----------+-------------------------------------------
     0 | D:1      | Shayle the Tengu Hexslinger began the quest for the Orb.
     0 | D:1      | Reached XP level 1. HP: 12/12 MP: 3/3
   141 | D:1      | Reached XP level 2. HP: 16/16 MP: 4/4
   154 | D:1      | Reached skill level 1 in Unarmed Combat
   520 | D:1      | Reached XP level 3. HP: 21/21 MP: 5/5
  1022 | D:1      | Learned a level 2 spell: Jinxbite
  1067 | D:2      | Reached skill level 2 in Fighting
  1116 | D:2      | Found a glowing silver altar of Zin.
  1215 | D:2      | Noticed Terence
  1225 | D:2      | Killed Terence
  1226 | D:2      | Reached XP level 4. HP: 20/27 MP: 1/6
  1916 | D:4      | Learned a level 3 spell: Frozen Ramparts
  1968 | D:4      | Noticed a centaur
  1972 | D:4      | Noticed a centaur
  2122 | D:3      | Found a blossoming altar of Fedhas.
  2136 | D:3      | Reached XP level 5. HP: 30/31 MP: 7/7
  2857 | D:3      | Reached skill level 3 in Fighting
  2857 | D:3      | Reached skill level 1 in Ice Magic
  2968 | D:4      | Reached XP level 6. HP: 26/37 MP: 5/8
  3315 | D:4      | Found a staircase to the Ecumenical Temple.
  3324 | Temple   | Entered the Ecumenical Temple
  3333 | Temple   | Became a worshipper of Ashenzari the Shackled
  3442 | D:5      | Entered Level 5 of the Dungeon
  3522 | D:5      | Gained mutation: Your magical flight helps you evade
                  | attacks. (EV +4) [Tengu growth]
  3522 | D:5      | Reached XP level 7. HP: 42/42 MP: 7/9
  3734 | D:4      | Reached skill level 4 in Fighting
  3984 | D:5      | Reached skill level 5 in Dodging
  4165 | D:5      | Reached XP level 8. HP: 46/48 MP: 10/10
  4258 | D:5      | Reached skill level 5 in Unarmed Combat
  4753 | D:6      | Noticed a yak
  4753 | D:6      | Noticed a yak
  4753 | D:6      | Noticed a yak
  4781 | D:5      | Killed a yak
  4782 | D:5      | Reached skill level 5 in Fighting
  4796 | D:5      | Killed a yak
  5278 | D:6      | Reached XP level 9. HP: 55/55 MP: 11/11
  5283 | D:6      | Learned a level 4 spell: Summon Ice Beast
  5303 | D:6      | Reached skill level 6 in Fighting
  5303 | D:6      | Reached skill level 1 in Summonings
  5487 | D:7      | Reached * piety under Ashenzari
  5545 | D:7      | Found a sand-covered staircase.
  5576 | Ossuary  | Entered an ossuary
  6054 | D:7      | Noticed Joseph
  6077 | D:7      | Killed Joseph
  6240 | D:7      | Reached skill level 7 in Fighting
  6379 | D:7      | Reached XP level 10. HP: 52/64 MP: 6/13
  6552 | D:7      | Found a runed translucent door.
  6553 | D:7      | Noticed Crazy Yiuf
  6575 | D:7      | Noticed Prince Ribbit
  6585 | D:7      | Killed Prince Ribbit
  6586 | D:7      | Reached skill level 1 in Air Magic
  6622 | D:7      | Noticed Dowan
  6641 | D:7      | Noticed Duvessa
  6651 | D:7      | Killed Duvessa
  6652 | D:7      | Killed Dowan
  7112 | D:7      | Reached skill level 5 in Summonings
  7321 | D:8      | Identified the cursed +2 cloak "Disgust of Ashenzari"
                  | {Elem, Self} (You found it on level 4 of the Dungeon)
  7697 | D:8      | Found Coumpi's Tiny Tomes.
  7710 | D:8      | Bought the Codex of Shifting for 140 gold pieces
  8032 | D:8      | Reached ** piety under Ashenzari
  8310 | D:9      | Noticed a kobold demonologist
  8317 | D:9      | Noticed a sun demon
  8324 | D:8      | Killed a kobold demonologist
  8525 | D:9      | Reached skill level 8 in Fighting
  8525 | D:9      | Reached XP level 11. HP: 54/71 MP: 17/17
  8729 | D:9      | Reached skill level 1 in Shapeshifting
  9229 | D:9      | Found a hide-covered altar of Uskayaw.
  9238 | D:9      | Found a basalt altar of Yredelemnul.
  9240 | D:9      | Reached *** piety under Ashenzari
  9743 | D:10     | Entered Level 10 of the Dungeon
  9842 | D:10     | Found a shimmering blue altar of Sif Muna.
  9924 | D:10     | Noticed a two-headed ogre
  9944 | D:10     | Killed a two-headed ogre
  9945 | D:10     | Reached skill level 1 in Conjurations
 10114 | D:10     | Reached skill level 1 in Armour
 10231 | D:10     | Found a stormy altar of Qazlal.
 10231 | D:10     | Found a shadowy altar of Dithmenos.
 10238 | D:10     | Reached skill level 5 in Ice Magic
 10287 | D:10     | Found a staircase to the Lair.
 10300 | Lair:1   | Entered Level 1 of the Lair of Beasts
 10600 | Lair:1   | Reached skill level 5 in Air Magic
 11436 | Lair:2   | Reached XP level 12. HP: 65/77 MP: 19/21
 11744 | Lair:2   | Found a hole to the Spider Nest.
 11798 | Lair:2   | Noticed a five-headed hydra
 11818 | Lair:2   | Gained mutation: You are clumsy. (Dex -2) [potion of
                  | mutation]
 11818 | Lair:2   | Gained mutation: You possess an exceptional clarity of
                  | mind. [potion of mutation]
 11819 | Lair:2   | Lost mutation: You are clumsy. (Dex -2) [potion of
                  | mutation]
 11819 | Lair:2   | Lost mutation: You possess an exceptional clarity of mind.
                  | [potion of mutation]
 11819 | Lair:2   | Gained mutation: You are clumsy. (Dex -2) [potion of
                  | mutation]
 11819 | Lair:2   | Gained mutation: You are vulnerable to heat. (rF-) [potion
                  | of mutation]
 11820 | Lair:2   | Lost mutation: You are clumsy. (Dex -2) [potion of
                  | mutation]
 11820 | Lair:2   | Lost mutation: You are vulnerable to heat. (rF-) [potion of
                  | mutation]
 11820 | Lair:2   | Gained mutation: You have hidden genetic potential. [potion
                  | of mutation]
 11820 | Lair:2   | Gained mutation: Your flesh is heat resistant. (rF+)
                  | [potion of mutation]
 11848 | Lair:2   | Reached skill level 5 in Fire Magic
 11907 | Lair:2   | Learned a level 5 spell: Fireball
 12177 | Lair:2   | Found a staircase to the Shoals.
 12225 | Lair:2   | Killed a five-headed hydra
 12430 | Lair:2   | Reached skill level 9 in Fighting
 12523 | Lair:2   | Noticed a death yak
 12530 | Lair:2   | Noticed a death yak
 12532 | Lair:2   | Noticed a death yak
 12534 | Lair:2   | Noticed a death yak
 12631 | Lair:2   | Killed a death yak
 12648 | Lair:2   | Killed a death yak
 12661 | Lair:2   | Killed a death yak
 12661 | Lair:2   | Killed a death yak
 12662 | Lair:2   | Reached skill level 5 in Conjurations
 12729 | Lair:2   | Reached skill level 5 in Spellcasting
 13016 | Lair:2   | Learned a level 2 spell: Blink
 13019 | Lair:2   | Learned a level 2 spell: Passwall
 13117 | Lair:3   | Reached XP level 13. HP: 81/83 MP: 23/23
 13553 | Lair:3   | Reached skill level 10 in Unarmed Combat
 14065 | Lair:4   | Found a transporter.
 14065 | Lair:4   | Found a transporter.
 14191 | Lair:3   | Gained mutation: You expend magic power (3 MP) to
                  | strengthen your wands. [hidden potential]
 14605 | Lair:4   | Reached skill level 5 in Armour
 15312 | Lair:4   | Found a viscous altar of Jiyva.
 15709 | Lair:4   | Found a staircase to the Slime Pits.
 15884 | Lair:5   | Entered Level 5 of the Lair of Beasts
 15884 | Lair:5   | Noticed Rupert
 16029 | D:10     | Identified the +1 leather armour of the Buccaneer {Rampage
                  | +Blink rElec}
 17367 | D:12     | Found a staircase to the Orcish Mines.
 17858 | D:12     | Reached skill level 10 in Fighting
 18308 | D:12     | Reached skill level 1 in Necromancy
 18338 | D:12     | Reached skill level 1 in Shields
 18338 | D:12     | Reached skill level 5 in Shapeshifting
 18597 | D:12     | Reached XP level 14. HP: 90/90 MP: 25/25
 18850 | D:13     | Found a gate to the Vaults.
 19146 | Lair:3   | Learned a level 4 spell: Iskenderun's Mystic Blast
 19758 | Orc:1    | Entered Level 1 of the Orcish Mines
 19899 | Orc:2    | Entered Level 2 of the Orcish Mines
 19899 | Orc:2    | Found a staircase to the Elven Halls.
 20117 | Orc:2    | Gained mutation: Your spells are a little harder to cast,
                  | but a little more powerful. [hidden potential]
 20117 | Orc:2    | Lost mutation: You have hidden genetic potential. [hidden
                  | potential expressed]
 20470 | Orc:2    | Found Jyutydin's Antique Weapon Shop.
 20700 | Orc:2    | Found Ajoz Tasku's Antique Weapon Shoppe.
 20730 | Orc:2    | Found a runed translucent door.
 20740 | Orc:2    | Found the +10 tower shield of Ignorance {rN+ Int-4}
 20746 | Orc:2    | Found a runed translucent door.
 21256 | Orc:2    | Noticed an orc warlord
 21426 | Spider:1 | Entered Level 1 of the Spider Nest
 22129 | Spider:1 | HP: 3/91 [wolf spider[a torpor snail] (16)]
 22396 | Shoals:1 | Entered Level 1 of the Shoals
 22800 | Lair:3   | Learned a level 4 spell: Sticky Flame
 22924 | Lair:5   | Paralysed by Rupert for 2 turns
 24622 | Lair:5   | Reached XP level 15. HP: 67/96 MP: 23/26
 24746 | Lair:5   | Reached skill level 11 in Fighting
 25238 | Orc:1    | Identified the cursed +1 pair of gloves of Cremastomancy
                  | {Fort, Bglg} (You found it on level 3 of the Dungeon)
 25252 | Orc:1    | Killed an orc warlord
 25573 | Orc:2    | Found Gepur's Antique Weapon Shoppe.
 25594 | Orc:2    | Found Fupinn's Antique Armour Emporium.
 25879 | Orc:2    | Reached skill level 5 in Necromancy
 26900 | D:12     | Reached skill level 5 in Shields
 28002 | D:14     | Noticed Jorgrun
 28020 | D:14     | HP: 2/97 [constriction (11)]
 28021 | D:14     | Killed from afar by Jorgrun

Illustrated notes

Levels and vault maps discovered:
D:1:      giann_wishing_wells, layout_loops_corners
D:2:      layout_rooms, basic_altar, uniq_terence
D:3:      layout_basic, nicolae_overflow_crystal_walls,
          chequers_decorated_corner
D:4:      layout_cave_pods, lemuel_temple_firewalk_a, minmay_manual_mares
D:5:      layout_gridville, kennysheep_dice
D:6:      layout_cave_pools
D:7:      layout_basic, mainiacjoe_ossuary_entry_find_the_door,
          uniq_crazy_yiuf_cottage, uniq_duvessa, uniq_joseph,
          uniq_prince_ribbit1
D:8:      layout_basic, serial_bayou_pond_b, amethyst_killhole, dk_vineyard_1,
          nicolae_shop_i_like_small_books_too, item_on_display_a
D:9:      layout_gridville, mainiacjoe_overflow_swirl, serial_rivers,
          chequers_serial_rivers_room_b, chequers_serial_rivers_small_b,
          chequers_serial_rivers_room_a, chequers_serial_rivers_micro_e,
          chequers_serial_rivers_micro_a
D:10:     layout_long_grid, mainiacjoe_overflow_chevrons,
          gammafunk_temple_overflow_pools, david_lair_generic
D:11:     layout_irregular_city
D:12:     layout_loops_corners, orc_0_dummy, hangedman_decor_riveting
D:13:     layout_gridville, lightli_vaults_fourway_checkpoint
D:14:     layout_basic, minmay_door_square, uniq_jorgrun
Temple:   eino_temple_scatter_basement
Lair:1:   layout_gridlike
Lair:2:   layout_gridlike, nicolae_shoals_entry_roost,
          hellmonk_spider_entry_not_the_bees
Lair:3:   layout_cave_pods
Lair:4:   gammafunk_boulding_lane, layout_regular_city,
          minmay_slime_entry_oklob_enclosed, guppyfry_lair_drakes
Lair:5:   due_jungle_book, layout_misc_corridors, uniq_rupert
Shoals:1: layout_shoals, nicolae_shoals_gull_way
Spider:1: layout_spider_delve, nicolae_spider_undead_wolf_pack
Orc:1:    layout_caves, basic_altar
Orc:2:    grunt_orc_community_town_hall, layout_caves,
          grunt_orc_community_big_house_1, grunt_orc_community_big_house_2,
          grunt_orc_community_house_1, grunt_orc_community_house_2,
          grunt_orc_community_house_3, grunt_orc_community_house_3,
          chequers_guarded_unrand_ignorance

Skill      XL: |  1  2  3  4  5  6  7  8  9 10 11 12 13 14 15 |
---------------+----------------------------------------------+-----
Unarmed Combat | 1 2 3 4 6 7 8 9 10 | 10.5
Fighting       | 2 3 4 5 7 8 9 10 11 | 11.4
Dodging        | 3 4 5 6 8 9 |  9.0
Ice Magic      | 1 2 3 4 5 6 |  6.1
Summonings     | 4 5 7 8 |  8.0
Air Magic      | 3 5 6 7 |  7.8
Spellcasting   | 2 4 5 |  5.6
Fire Magic     | 3 4 5 7 8 |  8.8
Shapeshifting  | 2 3 5 6 |  6.8
Conjurations   | 3 5 7 9 |  9.5
Armour         | 2 4 6 7 8 |  8.0
Necromancy     | 1 4 6 |  6.0
Shields        | 1 4 5 |  5.4
Ranged Weapons | |  2.1
Hexes          | |  2.1

Action                     |  1- 3 |  4- 6 |  7- 9 | 10-12 | 13-15 || total
---------------------------+-------+-------+-------+-------+-------++-------
  Melee: Falchion          |       |   113 |   405 |   259 |       ||   777
         Kick              |       |    35 |   135 |   190 |   441 ||   801
         Peck              |       |    19 |    87 |   121 |   326 ||   553
         Punch             |       |     4 |    30 |    43 |    83 ||   160
         Unarmed           |       |       |       |   193 |   959 ||  1152
   Fire: Sling             |    87 |       |       |       |       ||    87
  Throw: Dart              |       |       |       |     8 |       ||     8
         Throwing net      |       |       |       |       |     1 ||     1
   Cast: Jinxbite          |     3 |     4 |    29 |    26 |    11 ||    73
         Frozen Ramparts   |       |       |     4 |    60 |   107 ||   171
         Fireball          |       |       |       |    21 |    36 ||    57
         Summon Ice Beast  |       |       |       |     4 |    90 ||    94
         Iskenderun's Myst |       |       |       |       |     8 ||     8
         Blink             |       |       |       |       |     2 ||     2
         Sticky Flame      |       |       |       |       |     3 ||     3
 Invoke: Curse Item        |       |       |     2 |     2 |     1 ||     5
  Evoke: Wand              |       |       |     6 |    12 |     8 ||    26
         Condenser vane    |       |       |       |       |     1 ||     1
    Use: Scroll            |       |    10 |     4 |     4 |    12 ||    30
         Potion            |       |     1 |     2 |     7 |    20 ||    30
   Stab: Sleeping          |       |     2 |     1 |     1 |     1 ||     5
         Distracted        |       |       |       |       |     2 ||     2
 Armour: Robe              |    13 |   104 |   248 |   103 |       ||   468
         Skin              |       |       |       |    35 |    18 ||    53
         Steam dragon scal |       |       |       |   124 |    86 ||   210
         Acid dragon scale |       |       |       |       |   127 ||   127
         Leather armour    |       |       |       |       |   280 ||   280
  Dodge: Dodged            |    18 |   134 |   556 |   523 |  1032 ||  2263
  Block: Kite shield       |       |       |       |       |   112 ||   112
         Reflection        |       |       |       |       |     8 ||     8

Table legend: (Time is in decaauts)
 A = Elapsed time spent in this place.
 B = Non-inter-level travel time spent in this place.
 C = Inter-level travel time spent in this place.
 D = Time resting spent in this place.
 E = Time spent auto-exploring this place.
 F = Levels seen in this place.
 G = Mean time per level.
                   A        B        C        D        E       F      G
               +--------+--------+--------+--------+--------+-----+--------+
         Total |  28113 |  26363 |   1750 |   5907 |  12406 |  25 | 1124.5 |
       Dungeon |  14887 |  14069 |    818 |   2182 |   8021 |  14 | 1063.4 |
        Temple |     18 |      1 |     17 |      0 |      0 |   1 |   18.0 |
          Lair |   9021 |   8226 |    795 |   2312 |   3252 |   5 | 1804.2 |
        Shoals |      1 |      1 |      0 |      0 |      0 |   1 |    1.0 |
   Spider Nest |    839 |    817 |     22 |    603 |     33 |   1 |  839.0 |
  Orcish Mines |   2938 |   2842 |     96 |    749 |   1100 |   2 | 1469.0 |
       Ossuary |    406 |    406 |      0 |     60 |      0 |   1 |  406.0 |
               +--------+--------+--------+--------+--------+-----+--------+

Top non-repeatable levels by time:
  Lair:4: 3030 daAuts
    D:12: 2174 daAuts
  Lair:2: 1906 daAuts
   Orc:2: 1775 daAuts
     D:7: 1569 daAuts
  Lair:5: 1440 daAuts
     D:5: 1436 daAuts
  Lair:3: 1415 daAuts
     D:9: 1263 daAuts
     D:8: 1255 daAuts
  Lair:1: 1228 daAuts
   Orc:1: 1162 daAuts
    D:13: 1136 daAuts
     D:1: 1078 daAuts
    D:10: 1028 daAuts
